 Dungeon Crawl Stone Soup version 0.20-a0-1006-ge6c5631 (webtiles) character file.

49 Ordine the Slasher (level 3, -4/23 HPs)
             Began as a Tengu Fighter on Apr 13, 2017.
             Killed from afar by Sigmund (8 damage)
             ... with a magic dart
             ... on level 2 of the Dungeon.
             The game lasted 00:02:12 (1130 turns).

Ordine the Slasher (Tengu Fighter)                  Turns: 1130, Time: 00:02:12

Health: -4/23      AC:  6    Str: 21 (22) XL:     3   Next: 75%
Magic:  4/4        EV:  7    Int:  5 (8)  God:
Gold:   87         SH:  0    Dex: 11 (13) Spells: 2/2 levels left

rFire    . . .     SeeInvis .   a - +0 long sword
rCold    . . .     Gourm    .   c - +0 shield
rNeg     . . .     Faith    .   b - +0 scale mail
rPois    .         Spirit   .   (helmet restricted)
rElec    .         Reflect  .   (no cloak)
rCorr    .         Harm     .   (no gloves)
MR       .....                  (boots unavailable)
Stlth    ..........             (no amulet)
Regen    0.1/turn               (no ring)
MPRegen  0.1/turn               (no ring)

@: confused, mighty, hasted, very quick
A: beak, talons 3
a: no special abilities


You were on level 2 of the Dungeon.
You were not hungry.

You visited 1 branch of the dungeon, and saw 2 of its levels.

You collected 87 gold pieces.

Inventory:

Hand Weapons
 a - a +0 long sword (weapon)
Armour
 b - a +0 scale mail (worn)
 c - a +0 shield (worn)
Jewellery
 m - a cursed -3 ring of dexterity {unknown}
Scrolls
 g - a scroll of immolation
Potions
 e - a potion of haste
 i - a potion of degeneration
 k - 2 potions of curing {unknown}
 l - a potion of brilliance {unknown}
 n - a potion of agility {unknown}
 o - a potion of mutation {unknown}
Comestibles
 f - a bread ration
 h - a royal jelly
 j - 7 chunks of flesh


   Skills:
 - Level 3.0 Fighting
 + Level 4.3 Long Blades
 - Level 3.2 Armour
 - Level 3.0 Shields


You had 2 spell levels left.
You didn't know any spells.

Dungeon Overview and Level Annotations

Branches:
Dungeon (2/15)

Altars:

Annotations:
D:2 Sigmund


Innate Abilities, Weirdness & Mutations

You have a beak for a mouth.
You have claws for feet.


Message History

You closely miss something. Your kick misses something.
The kobold barely misses you.
You hear some strange, mumbled words.
A magic dart appears from out of thin air!
The magic dart hits you!
* * * LOW HITPOINT WARNING * * *
The kobold hits you but does no damage.
Unknown command.
It was a potion of degeneration.
There was something very wrong with that liquid.
You feel weakened.
You feel dopey.
You feel clumsy. Something hits you but does no damage. The kobold hits you.
* * * LOW HITPOINT WARNING * * *
Unknown command.
It was a potion of haste.
You feel yourself speed up. The goblin hits you but does no damage.
You hear some strange, mumbled words.
A magic dart appears from out of thin air!
The magic dart hits you!
You die...

#.............#........
...........)>..........
.........###.........>.
......................
..........###.........
........#.......####
.........###...(##
.....## ###...# . #@..#
#....{Kg...#
#.....S#......
...#######.###. .. .# #


You could see an adder, a goblin and a kobold.

Vanquished Creatures
  Robin (D:2)
  A worm (D:1)
  A bat (D:1)
  2 giant cockroaches (D:1)
  5 hobgoblins (D:1)
  4 jackals (D:1)
  A ball python (D:1)
  A frilled lizard (D:1)
  10 goblins
  2 kobolds
  3 rats
31 creatures vanquished.

Notes
Turn   | Place    | Note
-------+----------+-------------------------------------------
     0 | D:1      | Ordine the Tengu Fighter began the quest for the Orb.
     0 | D:1      | Reached XP level 1. HP: 14/14 MP: 2/2
   203 | D:1      | Reached skill level 3 in Long Blades
   203 | D:1      | Reached XP level 2. HP: 15/19 MP: 3/3
   685 | D:2      | Noticed Robin
   807 | D:1      | Reached XP level 3. HP: 19/23 MP: 4/4
   899 | D:1      | Reached skill level 4 in Long Blades
   993 | D:2      | Killed Robin
  1119 | D:2      | Noticed Sigmund
  1130 | D:2      | Killed from afar by Sigmund

Vault maps used:
D:1:      saegor_arrival_simple_a
D:2:      chequers_ecumenical_altar_simple, grunt_ministairs_3, uniq_terence,
          uniq_robin, uniq_sigmund

Skill      XL: |  1  2  3 |
---------------+----------+-----
Long Blades    | 3 4 |  4.3
Fighting       | |  3.0
Armour         | |  3.2
Shields        | |  3.0

Action                   || total
-------------------------++-------
Melee: Long sword        ||    78
       Kick              ||    20
       Peck              ||    10
  Use: Scroll            ||     1
       Potion            ||     3
  Eat: Chunk             ||     1
Armor: Scale mail        ||    51
Dodge: Dodged            ||    28
Block: Shield            ||    54
       Rpst.: Long sword ||    12
